 Dungeon Sprint DCSS version 0.22-a0-322-g60b3cfd (webtiles) character file.

976 emperorscorpion the Fighter (level 7, -4/73 HPs)
             Began as a Minotaur Gladiator on Apr 6, 2018.
             Was an Elder of Uskayaw.
             Slain by a large slime creature (7 damage)
             ... in the Dungeon (Sprint IX: "|||||||||||||||||||||||||||||").
             The game lasted 00:03:07 (263 turns).

emperorscorpion the Fighter (Minotaur Gladiator)     Turns: 263, Time: 00:03:07

Health: -4/73      AC: 10    Str: 25    XL:     7   Next: 95%
Magic:  1/6        EV: 19    Int:  5    God:    Uskayaw [****..]
Gold:   0          SH:  0    Dex: 14    Spells: 6/6 levels left

rFire    . . .     SeeInvis .   a - +2 morningstar "Tossinn" {vamp, Str+4}
rCold    . . .     Gourm    .   (no shield)
rNeg     . . .     Faith    .   t - +2 ring mail
rPois    .         Spirit   .   c - +0 hat
rElec    .         Reflect  .   s - +0 cloak
rCorr    .         Harm     .   (no gloves)
MR       .....     NoTele   +   (no boots)
Stlth    +.........             (no amulet)
HPRegen  0.22/turn              u - +2 ring of evasion
MPRegen  0.10/turn              v - +3 ring of strength

@: no status effects
A: retaliatory headbutt, horns 2
a: Stomp, Line Pass, Renounce Religion


You were in the Dungeon.
You worshipped Uskayaw.
Uskayaw was noncommittal.
You were not hungry.

You visited 1 branch

Inventory:

Hand Weapons
 a - the +2 morningstar "Tossinn" (weapon) {vamp, Str+4}
   (You found it in the Dungeon)

   It inflicts no extra harm, but heals its wielder when it wounds a living foe.
   It affects your strength (+4).
 p - a +0 rapier
 q - a +2 rapier of venom
Missiles
 d - 3 throwing nets (quivered)
Armour
 b - a +0 leather armour
 c - a +0 hat (worn)
 r - a +0 helmet
 s - a +0 cloak (worn)
 t - a +2 ring mail (worn)
Jewellery
 u - a +2 ring of evasion (left hand)
 v - a +3 ring of strength (right hand)
Wands
 o - a wand of iceblast (10)
Scrolls
 k - 2 scrolls of blinking
 m - 3 scrolls of remove curse
 n - 2 scrolls of amnesia
Potions
 e - 5 potions of curing
 g - 2 potions of heal wounds
 h - a potion of haste
 i - 4 potions of magic
 j - a potion of berserk rage
 l - a potion of invisibility


   Skills:
 + Level 10.5 Fighting
 - Level 6.0 Short Blades
 + Level 7.1 Maces & Flails
 + Level 4.5 Throwing
 + Level 9.1 Armour
 + Level 10.4 Dodging
 + Level 2.5 Stealth
 * Level 1.2 Invocations


You had 6 spell levels left.
You didn't know any spells.

Dungeon Overview and Level Annotations

Branches:
Dungeon (1/1)

Altars:
Cheibriados
Dithmenos
Elyvilon
Fedhas
Gozag
Hepliaklqana
Kikubaaqudgha
Makhleb
Nemelex Xobeh
Okawaru
Qazlal
Ru
Sif Muna
Trog
Uskayaw
Vehumet
Wu Jian
Xom
Yredelemnul
Zin
The Shining One
Beogh
Jiyva
Lugonu


Innate Abilities, Weirdness & Mutations

You reflexively headbutt those who attack you in melee.
You have a pair of horns on your head.


Message History

The large slime creature is almost dead.
The large slime creature hits you!!
Uskayaw will force your foes to share their pain.
Uskayaw links your audience in an emotional bond!
Unknown command.
You sock the large slime creature!
You feel better.
The large slime creature is almost dead.
The large slime creature barely misses you.
The large slime creature hits you!!!
* * * LOW HITPOINT WARNING * * *
Unknown command.
You completely miss the large slime creature.
The large slime creature is almost dead.
The large slime creature is no longer sharing its pain.
The killer bee is no longer sharing its pain.
The ogre is no longer sharing its pain.
The big kobold is no longer sharing its pain.
The ice beast is no longer sharing its pain.
The large slime creature hits you!
You die... ▓▓▓▓▓▓▓▓▓▓▓▓▓▓▓▓▓▓▓▓▓▓▓▓ '..|)))...'.....@JyOKY.. ▓▓▓▓▓▓▓▓▓▓▓▓▓▓▓▓▓▓▓▓▓▓▓▓

You could see a large slime creature, an ice beast, a big kobold, an ogre and a killer bee.

Vanquished Creatures
  A two-headed ogre (D)
  2 phantoms (D)
  A black bear (D)
  A crimson imp (D)
  A hound (D)
  An adder zombie (D)
  An adder skeleton (D)
  A dart slug (D)
  3 orcs (D)
  A bat (D)
  A hobgoblin (D)
  2 rats (D)
16 creatures vanquished.

Notes
Turn   | Place    | Note
-------+----------+-------------------------------------------
     0 | D        | emperorscorpion the Minotaur Gladiator began the quest for the Orb.
     0 | D        | Reached XP level 1. HP: 18/18 MP: 0/0
    18 | D        | Noticed a crimson imp
    23 | D        | Reached XP level 2. HP: 21/25 MP: 1/1
    30 | D        | Killed a crimson imp
    30 | D        | Reached skill level 5 in Short Blades
    30 | D        | Reached skill level 5 in Dodging
    30 | D        | Reached XP level 3. HP: 22/33 MP: 2/2
    51 | D        | Found a roughly hewn altar of Beogh.
    51 | D        | Found a snail-covered altar of Cheibriados.
    51 | D        | Found a shadowy altar of Dithmenos.
    51 | D        | Found a white marble altar of Elyvilon.
    51 | D        | Found a blossoming altar of Fedhas.
    51 | D        | Found an opulent altar of Gozag.
    52 | D        | Found a hazy altar of Hepliaklqana.
    53 | D        | Found a viscous altar of Jiyva.
    54 | D        | Found an ancient bone altar of Kikubaaqudgha.
    55 | D        | Found a corrupted altar of Lugonu.
    56 | D        | Found a burning altar of Makhleb.
    57 | D        | Found a sparkling altar of Nemelex Xobeh.
    58 | D        | Found an iron altar of Okawaru.
    59 | D        | Found a stormy altar of Qazlal.
    60 | D        | Found a sacrificial altar of Ru.
    61 | D        | Found a deep blue altar of Sif Muna.
    62 | D        | Found a bloodstained altar of Trog.
    63 | D        | Found a hide-covered altar of Uskayaw.
    64 | D        | Found a radiant altar of Vehumet.
    65 | D        | Found an ornate altar of the Wu Jian Council.
    66 | D        | Found a shimmering altar of Xom.
    67 | D        | Found a basalt altar of Yredelemnul.
    68 | D        | Found a glowing silver altar of Zin.
    69 | D        | Found a glowing golden altar of the Shining One.
    71 | D        | Became a worshipper of Uskayaw the Reveler
    87 | D        | Got the +2 morningstar "Tossinn" {vamp, Str+4}
   212 | D        | Noticed a phantom
   212 | D        | Noticed a black bear
   212 | D        | Noticed a two-headed ogre
   212 | D        | Noticed a phantom
   224 | D        | Reached * piety under Uskayaw
   226 | D        | Reached ** piety under Uskayaw
   227 | D        | Reached *** piety under Uskayaw
   228 | D        | Killed a black bear
   228 | D        | Reached skill level 5 in Fighting
   228 | D        | Reached skill level 1 in Maces & Flails
   228 | D        | Reached XP level 4. HP: 33/44 MP: 3/3
   228 | D        | Reached XP level 5. HP: 38/50 MP: 4/4
   230 | D        | Reached **** piety under Uskayaw
   232 | D        | Reached ***** piety under Uskayaw
   233 | D        | Killed a two-headed ogre
   233 | D        | Reached skill level 10 in Fighting
   233 | D        | Reached skill level 10 in Dodging
   233 | D        | Reached XP level 6. HP: 66/66 MP: 5/5
   233 | D        | Reached XP level 7. HP: 72/72 MP: 6/6
   239 | D        | Reached ****** piety under Uskayaw
   241 | D        | Reached skill level 1 in Invocations
   254 | D        | Noticed a slime creature
   254 | D        | Noticed a slime creature
   262 | D        | HP: 3/73 [large slime creature (36)]
   263 | D        | Slain by a large slime creature

Vault maps used:
D:        linesprint

Skill      XL: |  1  2  3  4  5  6  7 |
---------------+----------------------+-----
Short Blades   | 4 5 6 |  6.0
Dodging        | 4 5 7 10 | 10.4
Fighting       | 3 5 10 | 10.5
Throwing       | 3 4 |  4.5
Maces & Flails | 1 6 7 |  7.1
Armour         | 3 8 9 |  9.1
Stealth        | 2 |  2.5
Invocations    | 1 |  1.2

Action                   |  1- 3 |  4- 6 |  7- 9 || total
-------------------------+-------+-------+-------++-------
Melee: Rapier            |    28 |       |       ||    28
       Headbutt          |     6 |     2 |     5 ||    13
       Morningstar       |     7 |     4 |    15 ||    26
Invok: Stomp             |       |       |     2 ||     2
  Use: Potion            |       |     1 |       ||     1
 Stab: Paralysed         |     1 |       |     1 ||     2
  Eat: Ration            |     1 |       |       ||     1
Armor: Leather armour    |     6 |       |       ||     6
       Ring mail         |     5 |     1 |     4 ||    10
Dodge: Dodged            |    21 |     9 |    14 ||    44

Table legend:
 A = Spawn XP
 B = Non-spawn XP
 C = Spawn XP percentage of total XP
 D = Spawn monster count
 E = Non-spawn monster count
 F = Spawn count percentage of total count
 G = Total turns spent on level
                    A         B        C        D         E        F      G
               +---------+---------+-------+---------+---------+-------+---------
         Total |       0 |    1395 |   0.0 |       0 |      16 |   0.0 |   263
               +---------+---------+-------+---------+---------+-------+---------
             D |       0 |    1395 |   0.0 |       0 |      16 |   0.0 |   263
               +---------+---------+-------+---------+---------+-------+---------
